 Dungeon Crawl Stone Soup version 0.30-a0-672-gc3a7216ad8 (webtiles) character file.

Game seed: 14441852976657093255

546 drewk1942 the Magician (level 7, -3/52 HPs)
             Began as a Gnoll Wanderer on Jan 18, 2023.
             Was a Priest of Qazlal.
             Slain by a gnoll
             ... wielding a +0 spear
              (8 damage)
             ... on level 3 of the Dungeon.
             The game lasted 00:09:59 (3707 turns).

drewk1942 the Magician (Gnoll Wanderer)             Turns: 3707, Time: 00:10:00

Health: -3/52      AC:  2    Str:  5 (8)  XL:     7   Next: 28%
Magic:  16/18      EV: 19    Int: 15      God:    Qazlal [***...]
Gold:   114        SH:  3    Dex: 17 (18) Spells: 14/21 levels left

rFire   . . .      SeeInvis .      - Unarmed
rCold   . . .      Faith    .    (shield currently unavailable)
rNeg    . . .      Spirit   .    (body armour currently unavailable)
rPois   x          Reflect  .    (helmet currently unavailable)
rElec   .          Harm     .    (cloak currently unavailable)
rCorr   .          Rampage  .    (gloves currently unavailable)
Will    .....                    (boots currently unavailable)
Stlth   ++                       (no amulet)
HPRegen 0.28/turn                (no ring)
MPRegen 0.16/turn                (no ring)

@: spider-form
A: venomous fangs, tiny, (fangs 1), strong nose, distributed training
a: End Transformation, Renounce Religion, Upheaval, Elemental Force


You were on level 3 of the Dungeon.
You worshipped Qazlal.
Qazlal was most pleased with you.
You were a venomous arachnid creature.
You visited 1 branch of the dungeon, and saw 3 of its levels.
You also visited: Sewer.

You collected 114 gold pieces.

Inventory:

Hand Weapons
 a - a +0 dagger
 k - a +2 whip of electrocution
 v - a +3 dagger of holy wrath (melded)
Missiles
 m - 3 poisoned darts
Armour
 c - a +0 robe (melded)
 d - a +0 buckler (melded)
 n - a +1 pair of gloves (melded)
Magical Staves
 p - a staff of fire
Wands
 w - a wand of quicksilver (6)
Scrolls
 b - 2 scrolls of fear
 e - a scroll of vulnerability {unknown}
 h - a scroll of magic mapping
 i - a scroll of silence {unknown}
 r - a scroll of acquirement {unknown}
 s - a scroll of enchant weapon
 t - 2 scrolls of identify
 u - a scroll of teleportation
Potions
 f - 3 potions of resistance
 g - 2 potions of degeneration
 j - 2 potions of brilliance
 l - a potion of lignification
 o - a potion of curing


   Skills:
 + Level 3.6 Fighting
 + Level 2.5 Short Blades
 + Level 2.5 Long Blades
 + Level 2.5 Axes
 + Level 2.5 Maces & Flails
 + Level 2.5 Polearms
 + Level 2.5 Staves
 + Level 2.5 Ranged Weapons
 + Level 2.5 Throwing
 + Level 2.5 Armour
 + Level 2.5 Dodging
 + Level 2.5 Stealth
 + Level 5.2 Shields
 + Level 2.5 Unarmed Combat
 + Level 7.6 Spellcasting
 + Level 2.0 Conjurations
 + Level 2.0 Hexes
 + Level 2.0 Summonings
 + Level 2.0 Necromancy
 + Level 2.0 Translocations
 + Level 2.0 Transmutations
 + Level 2.0 Fire Magic
 + Level 3.0 Ice Magic
 + Level 2.0 Air Magic
 + Level 2.0 Earth Magic
 + Level 5.8 Poison Magic
 + Level 2.7 Invocations
 + Level 2.5 Evocations


You had 14 spell levels left.
You knew the following spells:

 Your Spells              Type           Power      Damage    Failure   Level
a - Sting                 Tmut/Pois      68%        1d6       10%         1
b - Freeze                Ice            56%        1d7       12%         1
c - Poisonous Vapours     Pois/Air       34%        N/A       12%         2
d - Spider Form           Tmut/Pois      17%        N/A       21%         3

Your spell library contained the following spells:

 Spells                   Type           Power      Damage    Failure   Level
 Ozocubu's Armour         Ice            14%        N/A       26%         3


Dungeon Overview and Level Annotations

Branches:
Dungeon (3/15)              Sewer (visited)

Altars:
Makhleb
Qazlal


Innate Abilities, Weirdness & Mutations

You are a venomous arachnid creature.
You have venomous fangs.
You are tiny and dextrous.
Your spellcasting is less reliable in this form.
Your armour is entirely melded.
You are incapable of wielding weapons or throwing items.
((You have very sharp teeth.))
Your uncanny sense of smell can sniff out nearby items.
Your experience applies equally to all skills.


Message History

You are too injured to fight recklessly!
You are too injured to fight recklessly!
You are too injured to fight recklessly!
You are too injured to fight recklessly!
You are too injured to fight recklessly!
You are too injured to fight recklessly!
You are too injured to fight recklessly!
Casting: Sting (safe; 3% risk of failure)
Confirm with . or Enter, or press ? or * to list all spells.
You turn into a venomous arachnid creature.
Your +3 dagger of holy wrath melds into your body.
Your +1 pair of gloves melds into your body.
Your +0 buckler melds into your body.
Your +0 robe melds into your body.
Your +3 dagger of holy wrath stops glowing.
The gnoll barely misses you. The gnoll hits you with a +0 club.
The gnoll misses you.
You hit the gnoll.
You kill the gnoll!
Qazlal accepts your kill. The gnoll closely misses you.
You hit the gnoll.
The gnoll is poisoned.
The gnoll is lightly wounded.
The gnoll closely misses you. The gnoll misses you.
The gnoll hits you with a +0 flail!
* * * LOW HITPOINT WARNING * * *
You feel much better. The gnoll misses you. The gnoll closely misses you.
The gnoll misses you.
You hit the gnoll.
The gnoll looks as sick as possible!
The gnoll is almost dead.
You kill the gnoll!
Qazlal accepts your kill.
You can now give life to nearby clouds.
The gnoll hits you with a +0 flail!
The gnoll hits you from afar with a +0 spear.
* * * LOW HITPOINT WARNING * * *
You hit the gnoll.
The gnoll is poisoned.
The gnoll is lightly wounded.
The gnoll hits you with a +0 flail!
* * * LOW HITPOINT WARNING * * *
The gnoll hits you from afar with a +0 spear!
You die...

****** *****
*,,,,***** *,,,*
*,,,,,,,,, *<*,*
*,,,,*****
****,#+##***,,,,*
#,,,,...#*,,>****
#[###g..##.#,**
#...)g..[..#,,***
*###s#####,,,,,,*****
#..☼....#,#*,*,,,,,*
#.......#.#*,*****,*
#.........#,,,,,,,,,
#......######****,*,
###...)#....# *,,,
#.##)#.##.########
#.##.#.##...#....#
#.##.#.####.#.#..#


You could see 2 gnolls.

Vanquished Creatures
  Sigmund (D:3)
  A kobold brigand (Sewer)
  Ijyb (D:3)
  Natasha (thrice) (D:2)
  An orc wizard (D:3)
  8 adders
  2 gnolls (D:3)
  A river rat (Sewer)
  3 worms
  4 dart slugs
  4 orcs (D:3)
  9 ball pythons
  3 bats
  5 endoplasms
  5 giant cockroaches
  4 goblins
  6 hobgoblins
  14 kobolds
  3 quokkas
  4 frilled lizards
  6 rats
88 creatures vanquished.

Notes
Turn   | Place    | Note
-------+----------+-------------------------------------------
     0 | D:1      | drewk1942 the Gnoll Wanderer began the quest for the Orb.
     0 | D:1      | drewk1942 set off with the following items: a +0 dagger, a
                  | scroll of fear, a +0 robe, a +0 buckler; and the following
                  | spells available to memorise: Sting, Freeze, Poisonous
                  | Vapours, Spider Form, Ozocubu's Armour.
     0 | D:1      | Reached XP level 1. HP: 17/17 MP: 8/8
     2 | D:1      | Learned a level 1 spell: Sting
     4 | D:1      | Learned a level 1 spell: Freeze
   138 | D:1      | Reached XP level 2. HP: 22/23 MP: 5/10
   407 | D:1      | Reached XP level 3. HP: 28/28 MP: 9/11
   602 | D:1      | Found a faded altar of an unknown god.
   665 | D:1      | Prayed at the altar of an unknown god.
   665 | D:1      | Became a worshipper of Qazlal Stormbringer
   665 | D:1      | Reached * piety under Qazlal
   797 | D:2      | Reached skill level 1 in Invocations
  1094 | D:2      | Noticed Natasha
  1103 | D:2      | Killed Natasha
  1104 | D:2      | Reached skill level 1 in Short Blades
  1104 | D:2      | Reached skill level 1 in Long Blades
  1104 | D:2      | Reached skill level 1 in Axes
  1104 | D:2      | Reached skill level 1 in Maces & Flails
  1104 | D:2      | Reached skill level 1 in Polearms
  1104 | D:2      | Reached skill level 1 in Staves
  1104 | D:2      | Reached skill level 1 in Ranged Weapons
  1104 | D:2      | Reached skill level 1 in Throwing
  1104 | D:2      | Reached skill level 1 in Armour
  1104 | D:2      | Reached skill level 1 in Dodging
  1104 | D:2      | Reached skill level 1 in Stealth
  1104 | D:2      | Reached skill level 1 in Unarmed Combat
  1104 | D:2      | Reached skill level 1 in Evocations
  1104 | D:2      | Reached XP level 4. HP: 30/34 MP: 7/13
  1252 | D:2      | Noticed Natasha
  1257 | D:2      | Killed Natasha
  1258 | D:2      | Reached skill level 1 in Conjurations
  1258 | D:2      | Reached skill level 1 in Hexes
  1258 | D:2      | Reached skill level 1 in Summonings
  1258 | D:2      | Reached skill level 1 in Necromancy
  1258 | D:2      | Reached skill level 1 in Translocations
  1258 | D:2      | Reached skill level 1 in Transmutations
  1258 | D:2      | Reached skill level 1 in Fire Magic
  1258 | D:2      | Reached skill level 1 in Air Magic
  1258 | D:2      | Reached skill level 1 in Earth Magic
  1474 | D:2      | Reached XP level 5. HP: 27/40 MP: 3/14
  1611 | D:2      | Noticed Natasha
  1619 | D:2      | Killed Natasha
  1628 | D:2      | Learned a level 2 spell: Poisonous Vapours
  1869 | D:3      | Reached ** piety under Qazlal
  1910 | D:3      | Found a burning altar of Makhleb.
  2035 | D:3      | Found a glowing drain.
  2039 | Sewer    | Entered a sewer
  2312 | Sewer    | Learned a level 3 spell: Spider Form
  2469 | Sewer    | Reached XP level 6. HP: 19/47 MP: 4/16
  2794 | Sewer    | Reached skill level 5 in Shields
  3403 | D:3      | Noticed Sigmund
  3415 | D:3      | Killed Sigmund
  3416 | D:3      | Reached XP level 7. HP: 29/52 MP: 7/18
  3568 | D:3      | Noticed Ijyb
  3584 | D:3      | Killed Ijyb
  3706 | D:3      | Reached *** piety under Qazlal
  3707 | D:3      | Slain by a gnoll

Illustrated notes

Levels and vault maps discovered:
D:1:      ebering_hopf_link, layout_rooms,
          dreamdust_ecumenical_altar_hidden_monk_grotto,
          minmay_misc_feat_columns
D:2:      minmay_diamond_boxcup, layout_loops_ring, grunt_ministairs_8,
          uniq_natasha
D:3:      layout_basic, mainiacjoe_overflow_paths, gup_sewer_entry_spiral,
          uniq_ijyb, uniq_sigmund

Skill      XL: |  1  2  3  4  5  6  7 |
---------------+----------------------+-----
Ice Magic      | 2 3 |  3.0
Invocations    | 1 2 |  2.7
Short Blades   | 1 2 |  2.5
Long Blades    | 1 2 |  2.5
Axes           | 1 2 |  2.5
Maces & Flails | 1 2 |  2.5
Polearms       | 1 2 |  2.5
Staves         | 1 2 |  2.5
Ranged Weapons | 1 2 |  2.5
Throwing       | 1 2 |  2.5
Armour         | 1 2 |  2.5
Dodging        | 1 2 |  2.5
Stealth        | 1 2 |  2.5
Unarmed Combat | 1 2 |  2.5
Evocations     | 1 2 |  2.5
Conjurations   | 1 2 |  2.0
Hexes          | 1 2 |  2.0
Summonings     | 1 2 |  2.0
Necromancy     | 1 2 |  2.0
Translocations | 1 2 |  2.0
Transmutations | 1 2 |  2.0
Fire Magic     | 1 2 |  2.0
Air Magic      | 1 2 |  2.0
Earth Magic    | 1 2 |  2.0
Fighting       | 3 |  3.6
Shields        | 5 |  5.2
Spellcasting   | |  7.6
Poison Magic   | |  5.8

Action                   |  1- 3 |  4- 6 |  7- 9 || total
-------------------------+-------+-------+-------++-------
Melee: Dagger            |    17 |    58 |    30 ||   105
       Bite              |     1 |     6 |     5 ||    12
       Unarmed           |       |    17 |     4 ||    21
 Cast: Sting             |    34 |    26 |     1 ||    61
       Freeze            |    25 |    30 |     1 ||    56
       Poisonous Vapours |       |    50 |     8 ||    58
       Spider Form       |       |     3 |     1 ||     4
  Use: Scroll            |       |     7 |       ||     7
       Potion            |       |     8 |     1 ||     9
Armor: Robe              |     9 |     5 |     4 ||    18
       Skin              |       |     1 |       ||     1
Dodge: Dodged            |    27 |    47 |    22 ||    96
Block: Buckler           |    14 |    24 |    15 ||    53
       Other             |       |     1 |       ||     1

Table legend: (Time is in decaauts)
 A = Elapsed time spent in this place.
 B = Non-inter-level travel time spent in this place.
 C = Inter-level travel time spent in this place.
 D = Time resting spent in this place.
 E = Time spent auto-exploring this place.
 F = Levels seen in this place.
 G = Mean time per level.
                   A        B        C        D        E       F      G
               +--------+--------+--------+--------+--------+-----+--------+
         Total |   3885 |   3720 |    165 |    281 |   2558 |   4 |  971.2 |
       Dungeon |   2741 |   2576 |    165 |     87 |   1966 |   3 |  913.7 |
         Sewer |   1143 |   1143 |      0 |    194 |    592 |   1 | 1143.0 |
               +--------+--------+--------+--------+--------+-----+--------+

Top non-repeatable levels by time:
     D:2: 1194 daAuts
   Sewer: 1143 daAuts
     D:3: 855 daAuts
     D:1: 691 daAuts
